 Dungeon Crawl Stone Soup version 0.29.1-12-g30fa7ad0bf (webtiles) character file.

Game seed: 9500114920505543587

158 tictacthegrate the Chopper (level 5, 0/47 HPs)
             Began as a Hill Orc Berserker on Jan 1, 2023.
             Was a Believer of Trog.
             Succumbed to Crazy Yiuf's poison
             ... on level 4 of the Dungeon.
             The game lasted 00:48:04 (4559 turns).

tictacthegrate the Chopper (Hill Orc Berserker)     Turns: 4559, Time: 00:48:05

Health: 0/47       AC: 10    Str: 20    XL:     5   Next: 40%
Magic:  2/5        EV: 11    Int:  9    God:    Trog [**....]
Gold:   163        SH:  0    Dex: 10    Spells: 4/4 levels left

rFire   . . .      SeeInvis .   F - +9 hammer of the Weasel {vorpal, rN+ Will++}
rCold   . . .      Faith    .   (no shield)
rNeg    + . .      Spirit   .   n - +0 ring mail
rPois   +          Reflect  .   (no helmet)
rElec   .          Harm     .   (no cloak)
rCorr   .          Rampage  .   i - +0 pair of gloves
Will    ++...                   j - +2 pair of boots
Stlth   +.........              (no amulet)
HPRegen 0.15/turn               u - ring of poison resistance
MPRegen 0.09/turn               (no ring)

@: lethally poisoned (0 -> -4)
A: no striking features
a: Renounce Religion, Berserk, Trog's Hand


You were on level 4 of the Dungeon.
You worshipped Trog.
Trog was pleased with you.
You visited 1 branch of the dungeon, and saw 4 of its levels.

You collected 163 gold pieces.

Inventory:

Hand Weapons
 a - a +0 hand axe
 m - a +0 club
 o - a +0 whip
 v - a +1 short sword of draining
 w - a +0 short sword
 A - the +5 dagger of Zeumip {elec, rF- Str+4}
   (You found it on level 3 of the Dungeon)

   It occasionally discharges a powerful burst of electricity upon striking a
   foe.
   Str:       It affects your strength (+4).
   rF:        It makes you vulnerable to fire.
 F - the +9 hammer of the Weasel (weapon) {vorpal, rN+ Will++}
   (You found it on level 4 of the Dungeon)

   It inflicts extra damage upon your enemies.
   rN:        It protects you from negative energy.
   Will:      It greatly increases your willpower.
 G - a +0 hammer
Missiles
 k - 6 boomerangs (quivered)
Armour
 b - a +0 animal skin
 e - a +0 robe
 i - a +0 pair of gloves (worn)
 j - a +2 pair of boots (worn)
 l - a +0 robe
 n - a +0 ring mail (worn)
 y - a +0 robe
 B - a +0 chain mail
Jewellery
 u - a ring of poison resistance (left hand)
Wands
 z - a wand of polymorph (6)
Scrolls
 c - 2 scrolls of amnesia
 f - a scroll of noise {unknown}
 g - a scroll of acquirement {unknown}
 h - 2 scrolls of blinking {unknown}
 q - 3 scrolls of identify {unknown}
 r - a scroll of poison {unknown}
 s - a scroll of enchant weapon {unknown}
 x - a scroll of teleportation {unknown}
 C - a scroll of butterflies {unknown}
 D - a scroll of fear
 E - a scroll of magic mapping {unknown}
Potions
 d - a potion of brilliance {unknown}
 p - a potion of flight {unknown}
 t - 3 potions of resistance {unknown}


   Skills:
 + Level 4.3 Fighting
 + Level 0.6 Short Blades
 + Level 5.2(5.4) Axes
 * Level 1.4(3.1) Maces & Flails
 * Level 3.2 Armour
 + Level 2.2 Dodging
 * Level 1.0 Stealth


You had 4 spell levels left.
You didn't know any spells.
Your spell library contained the following spells:

 Spells                   Type           Power      Damage    Failure   Level
 Ignite Poison            Fire/Tmut/Pois 0%         N/A       90%         3
 Mephitic Cloud           Conj/Pois/Air  0%         N/A       90%         3
 Freezing Cloud           Conj/Ice/Air   0%         6-21      100%        5


Dungeon Overview and Level Annotations

Branches:
Dungeon (4/15)
 Temple: D:4-7

Altars:
Sif Muna
Xom
The Shining One

Shops:
D:2 :


Message History

Crazy Yiuf says, "Crazy?
Crazy!?
PORCUPINE!"
As you open the door, it creaks loudly!
You barely miss Crazy Yiuf. Crazy Yiuf closely misses you.
You hit Crazy Yiuf but do no damage. You drain Crazy Yiuf.
Crazy Yiuf is lightly wounded.
Crazy Yiuf hits you but does no damage.
You hit Crazy Yiuf.
Crazy Yiuf is moderately wounded.
Crazy Yiuf hits you with a +3 quarterstaff of chaos!
Crazy Yiuf freezes you.
You hit Crazy Yiuf.
Crazy Yiuf is moderately wounded.
Crazy Yiuf hits you with a +3 quarterstaff of chaos!
You are poisoned.
F - the +9 hammer of the Weasel (weapon)
{vorpal, rN+ Will++} You feel sick.
Crazy Yiuf yells, "Goober return to song green!"
Crazy Yiuf closely misses you. Crazy Yiuf attacks as you move away!
Crazy Yiuf hits you with a +3 quarterstaff of chaos!
* * * LOW HITPOINT WARNING * * *
You feel your power leaking away.
* * * LOW HITPOINT WARNING * * *
You feel very sick.
* * * LOW HITPOINT WARNING * * *
You feel sick.
Crazy Yiuf cries, "Action agre arm!"
You sock Crazy Yiuf!
You kill Crazy Yiuf!
Trog accepts your kill.
* * * LOW HITPOINT WARNING * * *
You feel very sick.
Your Stealth skill increases to level 1!
* * * LOW HITPOINT WARNING * * *
You feel sick.
Items here: ! ) [ †.
* * * LOW HITPOINT WARNING * * *
You feel sick.
u - a ring of poison resistance (left hand)
You die...

.# .# # ##### .##.#
#..)# ... #.).# .#
... .####### #'#
........ ♣♣.♣
.#####.# ♣)♣♣ .# #.#
♣♣@♣ .#####.# ♣.♣♣
....##.# ♣♣.♣♣
†##.##.# # ♣...♣♣
.......####<# ♣....♣
....<.......# #....#
###.#......[###....#
# #....###...#.#...#
###.....## ###.##..#


There were no monsters in sight!

Vanquished Creatures
  A hound (D:3)
  Crazy Yiuf (D:4)
  4 adders
  3 worms (D:2)
  An orc (D:3)
  2 ball pythons
  3 endoplasms
  4 giant cockroaches
  3 goblins
  7 hobgoblins
  4 quokkas
  8 bats
  5 frilled lizards
  5 kobolds
  5 rats
56 creatures vanquished.

Vanquished Creatures (others)
  A fungus (D:3)
1 creature vanquished.

Grand Total: 57 creatures vanquished

Notes
Turn   | Place    | Note
-------+----------+-------------------------------------------
     0 | D:1      | tictacthegrate the Hill Orc Berserker began the quest for
                  | the Orb.
     0 | D:1      | Reached XP level 1. HP: 19/19 MP: 1/1
   291 | D:1      | Reached XP level 2. HP: 20/27 MP: 2/2
   352 | D:1      | Found a faded altar of an unknown god.
  2119 | D:2      | Found a glowing golden altar of the Shining One.
  2150 | D:2      | Found Faasm's Book Emporium.
  2218 | D:2      | Reached XP level 3. HP: 26/33 MP: 3/3
  2614 | D:2      | Reached ** piety under Trog
  3172 | D:3      | Found a shimmering altar of Xom.
  3206 | D:3      | Identified the +5 dagger of Zeumip {elec, rF- Str+4}
  3218 | D:3      | Reached XP level 4. HP: 31/40 MP: 4/4
  3266 | D:3      | Reached skill level 5 in Axes
  3777 | D:3      | Reached skill level 1 in Maces & Flails
  3777 | D:3      | Reached XP level 5. HP: 46/46 MP: 5/5
  4128 | D:3      | Found a shimmering blue altar of Sif Muna.
  4540 | D:4      | Found a runed translucent door.
  4541 | D:4      | Identified the +9 hammer of the Weasel {vorpal, rN+ Will++}
  4541 | D:4      | Noticed Crazy Yiuf
  4556 | D:4      | Killed Crazy Yiuf
  4557 | D:4      | Reached skill level 1 in Stealth
  4557 | D:4      | HP: 2/47 [poisoned by Crazy Yiuf]
  4559 | D:4      | Succumbed to Crazy Yiuf's poison

Illustrated notes

Levels and vault maps discovered:
D:1:      dpeg_arrival_round_b, layout_basic,
          hellmonk_ecumenical_altar_arch_garden, bh_walls_and_bars
D:2:      layout_loops_ring, serial_shops, shop, basic_altar
D:3:      layout_loops_ring, mainiacjoe_overflow_cross_hatched, led_sif_pool
D:4:      layout_loops_ring, dreamdust_princess_bridge, uniq_crazy_yiuf_cottage,
          uniq_natasha

Skill      XL: |  1  2  3  4  5 |
---------------+----------------+-----
Fighting       | 4 |  4.3
Dodging        | 2 |  2.2
Axes           | 5 |  5.2
Maces & Flails | 1 |  1.4
Armour         | 3 |  3.2
Stealth        | 1 |  1.0
Short Blades   | |  0.6

Action                   |  1- 3 |  4- 6 || total
-------------------------+-------+-------++-------
Melee: Hand axe          |   134 |       ||   134
       Punch             |     1 |     1 ||     2
       Short sword       |     4 |    61 ||    65
       Mace              |       |     1 ||     1
Throw: Boomerang         |     1 |       ||     1
Invok: Berserk           |     2 |       ||     2
  Use: Scroll            |     2 |       ||     2
Armor: Animal skin       |    27 |       ||    27
       Ring mail         |    63 |    35 ||    98
Dodge: Dodged            |   116 |    57 ||   173
